 Dungeon Crawl Stone Soup version 0.18-a0-1088-g34ef3a2 (webtiles) character file.

554 tof the Shield-Bearer (level 7, -2/55 HPs)
             Began as a Formicid Fighter on Jan 15, 2016.
             Slain by an ogre
             ... wielding a +0 giant spiked club
              (27 damage)
             ... on level 4 of the Dungeon.
             The game lasted 00:08:51 (4074 turns).

tof the Shield-Bearer (Formicid Fighter)            Turns: 4074, Time: 00:08:52

Health: -2/55      AC:  8    Str: 19    XL:     7   Next: 55%
Magic:  7/7        EV:  8    Int:  4    God:
Gold:   164        SH: 10    Dex: 14    Spells: 0 memorised, 6 levels left

rFire  . . .     SeeInvis +     a - +0 war axe
rCold  . . .     Gourm    .     b - +0 scale mail
rNeg   . . .     Faith    .     c - +0 shield
rPois  .         Spirit   .     (helmet unavailable)
rElec  .         Dismiss  .     (no cloak)
rCorr  .         Reflect  .     (no gloves)
SustAt .         Harm     .     j - +0 pair of boots
MR     .....                    r - amulet of rage
Stlth  ..........               (no ring)
                                i - -3 ring of intelligence (curse)

@: not resistant to hostile enchantments, extremely unstealthy
A: permanent stasis, dig shafts and tunnels, four strong arms, antennae 3,
hooves 1, agile 1, weak 1
a: Dig, Shaft Self


You were on level 4 of the Dungeon.
You were near starving.

You visited 1 branch of the dungeon, and saw 4 of its levels.

You collected 164 gold pieces.

Inventory:

Hand Weapons
 a - a +0 war axe (weapon)
Armour
 b - a +0 scale mail (worn)
 c - a +0 shield (worn)
 j - a +0 pair of boots (worn)
Jewellery
 i - a cursed -3 ring of intelligence (left hand)
 r - an amulet of rage (around neck)
Scrolls
 e - a scroll of amnesia
 p - a scroll of immolation
 q - 2 scrolls of remove curse {unknown}
 w - 2 scrolls of identify
Potions
 d - a potion of might
 k - a potion of curing
 l - a potion of beneficial mutation {unknown}
 m - a potion of resistance {unknown}
 n - a potion of lignification {unknown}
 o - a potion of brilliance {unknown}
 s - a potion of flight {unknown}
 u - 2 potions of berserk rage {unknown}
Books
 v - a book of Fire

   Spells                             Type                      Level
   a - Ignite Poison                  Fire/Transmutation/Poison    3
   b - Fireball                       Conjuration/Fire             5
   c - Bolt of Fire                   Conjuration/Fire             6
   d - Delayed Fireball               Conjuration/Fire             7
   e - Ring of Flames                 Charms/Fire                  7
Comestibles
 f - 2 bread rations
 g - 2 beef jerkies


   Skills:
 + Level 4.6 Fighting
 * Level 4.6 Axes
 + Level 5.3 Armour
 * Level 5.8 Shields


You had 6 spell levels left.
You didn't know any spells.

Dungeon Overview and Level Annotations

Branches:
Dungeon (4/15)
 Temple: D:4-7

Altars:
Dithmenos
Elyvilon
Fedhas
Gozag
Kikubaaqudgha

Shops:
D:4 **


Innate Abilities, Weirdness & Mutations

You are under a permanent stasis effect.
You can dig through walls and to a lower floor.
Your four strong arms can wield two-handed weapons with a shield.
You have a pair of large antennae on your head (SInv).
You have large cloven feet.
You are agile. (Dex +2)
You are weak. (Str -2)


Message History

You block the giant gecko's attack. x2
An orc comes into view. It is wielding a dagger.
You barely miss the giant gecko.
The giant gecko is severely wounded.
The orc shouts!
The giant gecko bites you but does no damage.
The giant gecko bites you.
You slash the giant gecko!
You kill the giant gecko!
An ogre comes into view. It is wielding a giant spiked club.
The ogre shouts!
Found a scroll of amnesia.
You see here 13 gold pieces.
The orc barely misses you.
You slash the orc!
You kill the orc!
You hit the ogre.
The ogre is lightly wounded.
The ogre hits you with a giant spiked club!!
You die...

#########.#.
.......#.####.........#.
.......#........<..#..#.
.......#.####.##.#.#..#.
.......#...#.....#.#..#.
.......................>
.......#...########.#.#.
.......#............#.#.
......O@$..########.#.#.
........†)..# #.#.##
..........#.# #.#...
.........†#.## #...##
..........#..# #.#.#
..........##.######.#.#
..........#.......#.#.#
.?........#...###.#.#.#
.....####.#.# #.#.#.##


You could see an ogre.

Vanquished Creatures
  2 water moccasins
  2 ogres (D:4)
  An orc priest (D:3)
  A worker ant (D:4)
  3 adders
  2 oozes
  4 worms
  2 giant geckos
  5 orcs
  9 bats
  3 giant cockroaches
  5 goblins
  7 hobgoblins
  15 jackals
  3 kobolds
  3 quokkas
  6 giant newts
  A quokka skeleton (D:4)
  14 rats
88 creatures vanquished.

Notes
Turn   | Place    | Note
--------------------------------------------------------------
     0 | D:1      | tof the Formicid Fighter began the quest for the Orb.
     0 | D:1      | Reached XP level 1. HP: 18/18 MP: 1/1
   269 | D:1      | Reached XP level 2. HP: 22/24 MP: 2/2
   604 | D:2      | Reached XP level 3. HP: 20/29 MP: 3/3
   641 | D:2      | Found a blossoming altar of Fedhas.
   641 | D:2      | Found an ancient bone altar of Kikubaaqudgha.
   712 | D:2      | Found a shadowy altar of Dithmenos.
   905 | D:2      | Reached skill level 4 in Armour
   959 | D:2      | Reached XP level 4. HP: 20/35 MP: 4/4
  1238 | D:2      | Found a white marble altar of Elyvilon.
  2110 | D:3      | Reached XP level 5. HP: 42/42 MP: 5/5
  3080 | D:4      | Found Gozag's Platinum Reserve.
  3197 | D:4      | Found an opulent altar of Gozag.
  3238 | D:4      | Noticed an ogre
  3246 | D:4      | Killed an ogre
  3246 | D:4      | Reached XP level 6. HP: 19/48 MP: 6/6
  3408 | D:4      | Found Sapuf's Serpentskin Sales.
  3409 | D:4      | Noticed a water moccasin
  3409 | D:4      | Noticed a water moccasin
  3441 | D:3      | Killed a water moccasin
  3441 | D:3      | Reached skill level 5 in Armour
  3441 | D:3      | Reached skill level 5 in Shields
  3749 | D:4      | Gained mutation: You are agile. (Dex +2) [potion of mutation]
  3749 | D:4      | Gained mutation: You are weak. (Str -2) [potion of mutation]
  3749 | D:4      | Gained mutation: You have large cloven feet. [potion of mutation]
  3749 | D:4      | HP: 1/49 [poisoned by a water moccasin]
  3751 | D:4      | Killed a water moccasin
  3751 | D:4      | Reached XP level 7. HP: 10/55 MP: 7/7
  4074 | D:4      | Slain by an ogre

Vault maps used:
D:1:      elethiomel_arrival_maze, serial_bayou_pond_d
D:2:      grunt_temple_overflow_growth_and_decay,
          nicolae_dithmenos_through_a_glass_darkly,
          lemuel_coloured_pillars_altar, minmay_misc_feat_square,
          grunt_decor_cap, minivault_25, kennysheep_generic_room_13
D:3:      serial_park_tiny_2
D:4:      nicolae_gozag_zags_fifth_avenue, guppyfry_shop_venom

Action                   |  1- 3 |  4- 6 |  7- 9 || total
-------------------------+-------+-------+-------++-------
Melee: War axe           |    89 |   204 |    16 ||   309
  Use: Scroll            |       |     5 |       ||     5
       Potion            |       |     4 |       ||     4
  Eat: Chunk             |       |     9 |       ||     9
